 Dungeon Crawl Stone Soup version 0.28-b1-25-g9875b3fc8c (webtiles) character file.

Game seed: 2928263819924322818

44 vvl the Stinger (level 3, -3/28 HPs)
             Began as a Draconian Venom Mage on Feb 1, 2022.
             Slain by a gnoll (15 damage)
             ... on level 2 of the Dungeon.
             The game lasted 00:01:49 (1530 turns).

vvl the Stinger (Draconian Venom Mage)              Turns: 1530, Time: 00:01:50

Health: -3/28      AC:  5    Str: 12    XL:     3   Next: 39%
Magic:  2/6        EV: 12    Int: 15    God:
Gold:   64         SH:  0    Dex: 11    Spells: 5/6 levels left

rFire   . . .      SeeInvis .   (no weapon)
rCold   . . .      Faith    .   (no shield)
rNeg    . . .      Spirit   .   (armour unavailable)
rPois   .          Reflect  .   (helmet restricted)
rElec   .          Harm     .   (no cloak)
rCorr   .          Rampage  .   (no gloves)
Will    .....                   (no boots)
Stlth   ++........              (no amulet)
HPRegen 0.09/turn               (no ring)
MPRegen 0.10/turn               (no ring)

@: no status effects
A: AC +5, unfitting armour, cold-blooded
a: no special abilities


You were on level 2 of the Dungeon.
You visited 1 branch of the dungeon, and saw 2 of its levels.

You collected 64 gold pieces.

Inventory:

Scrolls
 a - a scroll of identify {unknown}
 b - a scroll of blinking {unknown}
 d - a scroll of enchant weapon {unknown}
Potions
 c - a potion of magic {unknown}
 e - a potion of curing {unknown}


   Skills:
 + Level 1.2 Fighting
 + Level 2.1 Dodging
 - Level 2.0 Stealth
 + Level 2.3 Spellcasting
 + Level 1.6 Transmutations
 + Level 3.3 Poison Magic


You had 5 spell levels left.
You knew the following spells:

 Your Spells              Type           Power      Damage    Failure   Level
a - Sting                 Tmut/Pois      36%        1d4       8%          1

Your spell library contained the following spells:

 Spells                   Type           Power      Damage    Failure   Level
 Poisonous Vapours        Pois/Air       12%        N/A       17%         2
 Mephitic Cloud           Conj/Pois/Air  5%         N/A       38%         3
 Olgreb's Toxic Radiance  Pois           11%        N/A       50%         4
 Gell's Gravitas          Tloc           1%         N/A       54%         3
 Teleport Other           Tloc           1%         N/A       54%         3
 Dispersal                Tloc           0%         N/A       100%        6


Dungeon Overview and Level Annotations

Branches:
Dungeon (2/15)

Altars:


Innate Abilities, Weirdness & Mutations

Your plain brown scales are hard. (AC +5)
You cannot fit into any form of body armour.
You are cold-blooded and may be slowed by cold attacks.


Message History

The sting hits the gnoll but does no damage.
The gnoll looks even sicker.
The gnoll is lightly wounded.
The gnoll barely misses you.
You hit the gnoll. You tail-slap the gnoll.
The gnoll is moderately wounded.
The gnoll hits you with a +0 flail!
The sting hits the gnoll.
The gnoll is poisoned.
The gnoll is heavily wounded.
The gnoll misses you.
You closely miss the gnoll.
The jackal barks!
Your tail-slap misses the gnoll.
The gnoll is heavily wounded.
You hear a bark!
The gnoll hits you with a +0 flail.
You hear a shout!
You miscast Sting.
You are very lightly contaminated with residual magic.
Nothing appears to happen.
The jackal bites you.
A gnoll comes into view. It is wielding a +0 halberd.
The gnoll completely misses you. The jackal closely misses you.
You see here 12 gold pieces.
The gnoll looks more healthy.
You feel a bit more experienced. The jackal barely misses you.
You completely miss the jackal. The jackal closely misses you.
You hit the jackal but do no damage.
Your tail-slap misses the jackal.
The jackal closely misses you. The gnoll hits you but does no damage.
The jackal barely misses you.
The jackal bites you but does no damage.
Your magical contamination has completely faded away.
You barely miss the jackal.
The jackal bites you but does no damage.
The jackal barely misses you.
The sting misses the jackal.
The sting hits the gnoll.
The gnoll is poisoned.
The gnoll is severely wounded.
The jackal bites you.
The gnoll hits you from afar with a +0 halberd!
Ouch! That really hurt!
You die...

##......# #. #.######
#.########...†..# #
...............#.#
##...............# #
##.....###.†.[..### #.######
##.......##......#
.......####...........##.###
..........g.h@.....##.##.#
####.....g#.....###.##.#
###.####$####.##........##.#
#.:..g...# #.###..#######.#
#.#.#.##.# #..............#
.. .... #.###..####### #.
####.#.# #..# .. #.# #..# ##
... ...#


You could see 2 gnolls and a jackal.

Vanquished Creatures
  A gnoll (D:2)
  An adder (D:2)
  A worm (D:1)
  A bat (D:1)
  An endoplasm (D:2)
  2 goblins (D:1)
  A hobgoblin (D:1)
  4 jackals (D:1)
  5 ball pythons
  3 kobolds
  3 rats (D:1)
23 creatures vanquished.

Vanquished Creatures (others)
  A fungus (D:1)
  A plant (D:1)
2 creatures vanquished.

Grand Total: 25 creatures vanquished

Notes
Turn   | Place    | Note
-------+----------+-------------------------------------------
     0 | D:1      | vvl the Draconian Venom Mage began the quest for the Orb.
     0 | D:1      | Reached XP level 1. HP: 14/14 MP: 3/3
   529 | D:1      | Reached XP level 2. HP: 20/22 MP: 0/5
   643 | D:1      | Found a faded altar of an unknown god.
  1339 | D:2      | Reached skill level 1 in Fighting
  1339 | D:2      | Reached XP level 3. HP: 20/28 MP: 1/6
  1530 | D:2      | Slain by a gnoll

Illustrated notes

Levels and vault maps discovered:
D:1:      dpeg_arrival_brainrot, layout_basic,
          shapermc_ecumenical_altar_mp_ritualfount
D:2:      minmay_diamond_boxcup, layout_loops_ring

Skill      XL: |  1  2 |
---------------+-------+-----
Dodging        | 2 |  2.1
Stealth        | 2 |  2.0
Fighting       | 1 |  1.2
Spellcasting   | |  2.3
Transmutations | |  1.6
Poison Magic   | |  3.3

Action                   || total
-------------------------++-------
Melee: Unarmed           ||    52
       Tailslap          ||     6
 Cast: Sting             ||    34
Armor: Skin              ||    20
Dodge: Dodged            ||    49
